 Dungeon Crawl Stone Soup version 0.31-a0-1300-gb6740aa4e6 (webtiles) character file.

Game seed: 7583749083242272739

46 thriggle the Firebug (level 3, -5/33 HPs)
             Began as an Ogre Fire Elementalist on Dec 19, 2023.
             Slain by a gnoll
             ... wielding a +0 whip
              (8 damage)
             ... on level 2 of the Dungeon.
             The game lasted 00:05:57 (1511 turns).

thriggle the Firebug (Ogre Fire Elementalist)       Turns: 1511, Time: 00:05:58

Health: -5/33      AC:  3    Str: 12    XL:     3   Next: 68%
Magic:  1/7        EV: 10    Int: 16    God:
Gold:   55         SH:  0    Dex: 11    Spells: 4/7 levels left

rFire   . . .        e - +0 short sword
rCold   . . .        (no shield)
rNeg    . . .        a - +0 robe
rPois   .            (helmet restricted)
rElec   .            (no cloak)
rCorr   .            (gloves unavailable)
SInv    .            (boots unavailable)
Will    .....        (no amulet)
Stlth   ++           (no ring)
HPRegen 0.25/turn    (no ring)
MPRegen 0.10/turn

%: no passive effects
@: very slightly contaminated
A: large, unfitting armour, tough skin 1
a: no special abilities


You were on level 2 of the Dungeon.
You visited 1 branch of the dungeon, and saw 2 of its levels.

You collected 55 gold pieces.

Inventory:

Hand Weapons
 e - a +0 short sword (weapon)
 i - a +1 dagger of holy wrath
Missiles
 c - 23 stones
Armour
 a - a +0 robe (worn)
Jewellery
 j - a +5 ring of evasion
Scrolls
 f - a scroll of poison {unknown}
 g - a scroll of identify {unknown}
 h - a scroll of revelation {unknown}
 l - a scroll of enchant weapon {unknown}
Potions
 b - a potion of magic
 d - a potion of enlightenment {unknown}
 k - a potion of degeneration {unknown}


   Skills:
 + Level 1.1 Fighting
 + Level 0.7 Throwing
 + Level 2.2 Dodging
 + Level 1.7 Stealth
 + Level 2.8 Spellcasting
 + Level 1.3 Conjurations
 + Level 2.9 Fire Magic


You had 4 spell levels left.
You knew the following spells:

 Your Spells              Type           Power      Damage    Failure   Level
a - Foxfire               Conj/Fire      36%        2x1d5     8%          1
b - Scorch                Fire           22%        2d5       9%          2

Your spell library contained the following spells:

 Spells                   Type           Power      Damage    Failure   Level
 Inner Flame              Hex/Fire       7%         N/A       30%         3
 Volatile Blastmotes      Fire/Tloc      14%        2d11      30%         3
 Flame Wave               Conj/Fire      9%         2d6       61%         4


Dungeon Overview and Level Annotations

Branches:
Dungeon (2/15)

Altars:


Innate Abilities, Weirdness & Mutations

You are too large for most types of armour.
You have tough skin. (AC +1)


Message History

You hit the kobold.
You kill the kobold!
The endoplasm hits you.
* * * LOW HITPOINT WARNING * * *
Casting: Foxfire (safe; 8% risk of failure)
Confirm with . or Enter, or press ? or * to list all spells.
Flames lash the endoplasm.
You kill the endoplasm!
You start resting.
Magic restored.
You climb downwards.
The gnoll hits you with a +0 whip! The gnoll hits you with a +0 whip.
There is a stone staircase leading up, spattered with blood here.
You hit the gnoll.
The gnoll is lightly wounded.
The gnoll closely misses you.
Casting: Scorch (safe; 9% risk of failure)
Confirm with . or Enter, or press ? or * to list all spells.
You conjure some foxfire!
The gnoll hits you with a +0 whip.
* * * LOW HITPOINT WARNING * * *
Casting: Foxfire (safe; 8% risk of failure)
Confirm with . or Enter, or press ? or * to list all spells.
You miscast Scorch.
You are very lightly contaminated with residual magic.
Nothing appears to happen.
The foxfire hits the gnoll.
The gnoll is moderately wounded.
The foxfire hits the gnoll.
The gnoll is moderately wounded.
The gnoll hits you with a +0 whip.
* * * LOW HITPOINT WARNING * * *
Casting: Scorch (safe; 9% risk of failure)
Confirm with . or Enter, or press ? or * to list all spells.
Flames lash the gnoll.
The gnoll is almost dead.
The gnoll's fire resistance burns away.
The gnoll hits you with a +0 whip.
* * * LOW HITPOINT WARNING * * *
Casting: Scorch (safe; 9% risk of failure)
Confirm with . or Enter, or press ? or * to list all spells.
You conjure some foxfire!
The gnoll hits you with a +0 whip!
You die...

....................
.........?..........
.................... .
.........#......... . ..
.......g........# .
...###.............## . ..
............g......... . ....
#........@......... ...#
....####.......vv.......# ....#
........................# ....#.
..........#.............##......
..........#.....................#
..........####..................#
....#........#[.................#
.#>...........................#
#..<...##.#..................#


You could see 2 gnolls.

Vanquished Creatures
  A gnoll (D:2)
  An adder (D:2)
  2 worms (D:2)
  2 bats
  2 endoplasms (D:1)
  A giant cockroach (D:1)
  3 hobgoblins (D:2)
  4 kobolds
  2 ball pythons (D:1)
  3 frilled lizards
  A goblin (D:1)
  3 rats
25 creatures vanquished.

Vanquished Creatures (others)
  35 foxfires
35 creatures vanquished.

Grand Total: 60 creatures vanquished

Notes
Turn   | Place    | Note
-------+----------+-------------------------------------------
     0 | D:1      | thriggle the Ogre Fire Elementalist began the quest for the
                  | Orb.
     0 | D:1      | Reached XP level 1. HP: 16/16 MP: 3/3
   124 | D:1      | Reached skill level 1 in Conjurations
   306 | D:1      | Found a faded altar of an unknown god.
   306 | D:1      | Noticed a neqoxec
   333 | D:1      | Reached XP level 2. HP: 24/24 MP: 3/5
  1062 | D:2      | Reached XP level 3. HP: 28/32 MP: 2/7
  1065 | D:2      | Learned a level 2 spell: Scorch
  1420 | D:2      | Reached skill level 1 in Fighting
  1511 | D:2      | Slain by a gnoll

Illustrated notes

Levels and vault maps discovered:
D:1:      heliophobic_arrival_glass_houses, layout_basic,
          dreamdust_ecumenical_altar_sealed_demon, hangedman_feature_mirror
D:2:      layout_basic, basic_altar, minmay_misc_feat_more_columns, uniq_terence

Skill      XL: |  1  2  3 |
---------------+----------+-----
Conjurations   | 1 |  1.3
Dodging        | 2 |  2.2
Fighting       | 1 |  1.1
Throwing       | |  0.7
Stealth        | |  1.7
Spellcasting   | |  2.8
Fire Magic     | |  2.9

Action                     || total
---------------------------++-------
  Melee: Short sword       ||    62
         Unarmed           ||     1
         Dagger            ||    11
   Cast: Foxfire           ||    20
         Scorch            ||     7
 Armour: Robe              ||    63
  Dodge: Dodged            ||    54

Table legend: (Time is in decaauts)
 A = Elapsed time spent in this place.
 B = Non-inter-level travel time spent in this place.
 C = Inter-level travel time spent in this place.
 D = Time resting spent in this place.
 E = Time spent auto-exploring this place.
 F = Levels seen in this place.
 G = Mean time per level.
                   A        B        C        D        E       F      G
               +--------+--------+--------+--------+--------+-----+--------+
         Total |   1510 |   1490 |     20 |     67 |    937 |   2 |  755.0 |
       Dungeon |   1510 |   1490 |     20 |     67 |    937 |   2 |  755.0 |
               +--------+--------+--------+--------+--------+-----+--------+

Top non-repeatable levels by time:
     D:1: 962 daAuts
     D:2: 548 daAuts
